 Dungeon Crawl Stone Soup version 0.27-a0-237-g52650a7530 (webtiles) character file.

Game seed: 12683493463985222627

109 Devinter the Sneak (level 4, -13/34 (36) HPs)
             Began as a Naga Enchanter on Feb 2, 2021.
             Was a Follower of Nemelex Xobeh.
             Mangled by a wight
             ... wielding a +3 morningstar of freezing
              (18 damage)
             ... on level 4 of the Dungeon.
             The game lasted 00:15:35 (2943 turns).

Devinter the Sneak (Naga Enchanter)                 Turns: 2943, Time: 00:15:36

HP:   -13/34 (36)   AC:  3    Str: 10    XL:     4   Next: 90%
MP:   7/7           EV: 10    Int: 17    God:    Nemelex Xobeh [*.....]
Gold: 139           SH:  5    Dex: 11    Spells: 1/7 levels left

rFire    . . .     SeeInvis +   a - +1 dagger
rCold    . . .     Faith    .   (no shield)
rNeg     . . .     Spirit   .   b - +0 robe
rPois    +         Reflect  +   (no helmet)
rElec    .         Harm     .   (no cloak)
rCorr    .         Rampage  .   g - +0 pair of gloves
Will     .....                  (no barding)
Stlth    +++.......             f - amulet of reflection
HPRegen  0.11/turn              (no ring)
MPRegen  0.10/turn              (no ring)

@: short of breath, drained, very slow
A: large, see invisible, deformed body, poison resistance, slowness 2, spit
poison 1, AC +1
a: Spit Poison, Renounce Religion, Draw Escape, Draw Destruction, Draw Summoning


You were on level 4 of the Dungeon.
You worshipped Nemelex Xobeh.
Nemelex Xobeh was aware of your devotion.
You visited 1 branch of the dungeon, and saw 4 of its levels.

You collected 139 gold pieces.

Inventory:

Hand Weapons
 a - a +1 dagger (weapon)
 r - a +1 vorpal falchion
Missiles
 i - 50 arrows
 m - 29 poisoned darts
 n - 19 bolts
Armour
 b - a +0 robe (worn)
 g - a +0 pair of gloves (worn)
Jewellery
 f - an amulet of reflection (around neck)
 t - an uncursed ring of fire {unknown}
Wands
 l - a wand of digging (4)
Scrolls
 c - 3 scrolls of magic mapping {unknown}
 d - 3 scrolls of teleportation {unknown}
 e - 8 scrolls of identify {unknown}
 o - a scroll of amnesia {unknown}
 p - 2 scrolls of remove curse {unknown}
 q - a scroll of immolation {unknown}
Potions
 h - a potion of haste {unknown}
 j - 5 potions of curing {unknown}
 k - a potion of might {unknown}
 s - a potion of brilliance {unknown}


   Skills:
 + Level 1.8 Short Blades
 - Level 2.0 Dodging
 * Level 6.1 Stealth
 + Level 2.4 Spellcasting
 + Level 3.4 Hexes
 + Level 1.1 Ice Magic
 + Level 0.1 Invocations


You had one spell level left.
You knew the following spells:

 Your Spells              Type           Power        Failure   Level
a - Corona                Hex            14%          4%          1
b - Ensorcelled Hibernat  Hex/Ice        18%          11%         2
c - Dazzling Flash        Conj/Hex       14%          26%         3

Your spell library contained the following spells:

 Spells                   Type           Power        Failure   Level
 Confusing Touch          Hex            13%          14%         3
 Tukima's Dance           Hex            13%          14%         3


Dungeon Overview and Level Annotations

Branches:
Dungeon (4/15)
 Temple: D:4-7

Altars:
Nemelex Xobeh
Wu Jian

Annotations:
D:2 Sigmund


Innate Abilities, Weirdness & Mutations

You cannot wear boots.
Your serpentine skin is tough. (AC +1)
You have supernaturally acute eyesight. (SInv)
Armour fits poorly on your strangely shaped body.
Your system is resistant to poisons. (rPois)
You cover ground very slowly.
You can spit poison.


Message History

You barely miss the wight. You block the wight's attack.
You hit the wight.
The wight is lightly damaged.
You block the wight's attack.
You barely miss the wight.
The wight is lightly damaged.
Press: ? - help, Shift-Dir - straight line, f - wight
Aim: a wight, wielding a +3 morningstar of freezing and wearing a +0 robe (lightly damaged)
The splash of poison hits the wight.
The wight completely resists.
The wight is lightly damaged.
The wight hits you with a +3 morningstar of freezing!
You feel drained.
* * * LOW HITPOINT WARNING * * *
The wight freezes you.
* * * LOW HITPOINT WARNING * * *
There is a stone staircase leading up here.
The wight hits you with a +3 morningstar of freezing!!
Ouch! That really hurt!
You die...
Your body glows slightly and disappears.

.# #.# #.#
#.# #.###
....
##########.#
z..>....zz.#
####...###@#
#... #.#
#...# #.#
#...# #..
#...# #..#
...# #...
..# #.#.#
....# #####


You could see 2 wights.

Vanquished Creatures
  6 adders
  An ooze (D:1)
  A worm (D:2)
  2 dart slugs
  2 orcs
  4 bats
  5 giant cockroaches
  3 goblins
  9 hobgoblins
  A frilled lizard (D:1)
  4 kobolds
  6 rats
44 creatures vanquished.

Notes
Turn   | Place    | Note
-------+----------+-------------------------------------------
     0 | D:1      | Devinter the Naga Enchanter began the quest for the Orb.
     0 | D:1      | Reached XP level 1. HP: 15/15 MP: 3/3
   214 | D:1      | Reached XP level 2. HP: 22/22 MP: 5/5
   530 | D:1      | Learned a level 2 spell: Ensorcelled Hibernation
   703 | D:1      | Reached skill level 5 in Stealth
  1132 | D:2      | Reached XP level 3. HP: 28/28 MP: 6/6
  1693 | D:2      | Found an ornate altar of the Wu Jian Council.
  1883 | D:2      | Reached skill level 2 in Dodging
  1883 | D:2      | Reached XP level 4. HP: 36/36 MP: 7/7
  2050 | D:2      | Reached skill level 1 in Ice Magic
  2058 | D:2      | Noticed Sigmund
  2594 | D:3      | Reached skill level 6 in Stealth
  2675 | D:3      | Found a faded altar of an unknown god.
  2683 | D:3      | Became a worshipper of Nemelex Xobeh the Trickster
  2683 | D:3      | Reached * piety under Nemelex Xobeh
  2929 | D:4      | Learned a level 3 spell: Dazzling Flash
  2943 | D:4      | Mangled by a wight

Illustrated notes

Levels and vault maps discovered:
D:1:      lemuel_arrival_room, layout_loops_ring, kennysheep_minor_cross
D:2:      layout_basic, overflow_temple_1_default, uniq_sigmund
D:3:      layout_basic, chequers_ecumenical_altar_twisty
D:4:      layout_loops_ring, nzn_overflow_gifts_of_might_and_magic,
          lemuel_round_altar, grunt_gozag_breadcrumbs,
          minmay_temple_entry_waves, serial_shops, shop_statue,
          uniq_blork_the_orc

Skill      XL: |  1  2  3  4 |
---------------+-------------+-----
Stealth        | 5 6 |  6.1
Dodging        | 2 |  2.0
Ice Magic      | 1 |  1.1
Short Blades   | |  1.8
Spellcasting   | |  2.4
Hexes          | |  3.4
Invocations    | |  0.1

Action                   |  1- 3 |  4- 6 || total
-------------------------+-------+-------++-------
Melee: Dagger            |    80 |    40 ||   120
 Cast: Corona            |    14 |     2 ||    16
       Ensorcelled Hiber |     5 |     5 ||    10
 Abil: Spit Poison       |     1 |     1 ||     2
 Stab: Sleeping          |    15 |    10 ||    25
Armor: Robe              |    10 |     6 ||    16
Dodge: Dodged            |    34 |    16 ||    50
Block: Other             |    12 |     6 ||    18

Table legend: (Time is in decaauts)
 A = Elapsed time spent in this place.
 B = Non-inter-level travel time spent in this place.
 C = Inter-level travel time spent in this place.
 D = Time resting spent in this place.
 E = Time spent auto-exploring this place.
 F = Levels seen in this place.
 G = Mean time per level.
                   A        B        C        D        E       F      G
               +--------+--------+--------+--------+--------+-----+--------+
         Total |   3736 |   3657 |     79 |    600 |    722 |   4 |  934.0 |
       Dungeon |   3736 |   3657 |     79 |    600 |    722 |   4 |  934.0 |
               +--------+--------+--------+--------+--------+-----+--------+

Top non-repeatable levels by time:
     D:2: 1536 daAuts
     D:1: 1356 daAuts
     D:3: 821 daAuts
     D:4: 22 daAuts
